 Dungeon Crawl Stone Soup version 0.25.1-8-g42b30a86e7 (webtiles) character file.

Game seed: 5872372574830090042

163 hehateme the Skirmisher (level 5, 0/39 HPs)
             Began as a Halfling Fighter on Dec 15, 2020.
             Slain by Prince Ribbit (3 damage)
             ... on level 5 of the Dungeon.
             The game lasted 00:04:06 (3421 turns).

hehateme the Skirmisher (Halfling Fighter)          Turns: 3421, Time: 00:04:06

Health: 0/39       AC:  8    Str: 18    XL:     5   Next: 73%
Magic:  5/5        EV:  9    Int:  6    God:
Gold:   166        SH:  9    Dex: 14    Spells: 4/4 levels left

rFire    . . .     SeeInvis .   a - +0 rapier
rCold    . . .     Gourm    .   c - +0 kite shield
rNeg     . . .     Faith    .   b - +0 scale mail
rPois    .         Spirit   .   (no helmet)
rElec    .         Reflect  .   (no cloak)
rCorr    .         Harm     .   k - +0 pair of gloves
MR       .....                  (no boots)
Stlth    ..........             (no amulet)
HPRegen  0.13/turn              (no ring)
MPRegen  0.09/turn              (no ring)

@: no status effects
A: small, mutation resistance 1
a: no special abilities


You were on level 5 of the Dungeon.
You were not hungry.

You visited 1 branch of the dungeon, and saw 5 of its levels.

You collected 166 gold pieces.

Inventory:

Hand Weapons
 a - a +0 rapier (weapon)
 p - a +0 short sword of speed
   (You took it off a kobold on level 2 of the Dungeon)
Armour
 b - a +0 scale mail (worn)
 c - a +0 kite shield (worn)
 k - a +0 pair of gloves (worn)
   (You found it on level 1 of the Dungeon)
 m - a +0 helmet
   (You found it on level 2 of the Dungeon)
 y - a cursed +0 cloak
   (You found it on level 4 of the Dungeon)
Jewellery
 n - an uncursed ring of ice {unknown}
   (You found it on level 2 of the Dungeon)
Scrolls
 h - 6 scrolls of teleportation {unknown}
 i - 2 scrolls of amnesia {unknown}
 j - a scroll of fear {unknown}
 l - 4 scrolls of remove curse {unknown}
 o - a scroll of enchant armour {unknown}
 s - 3 scrolls of identify {unknown}
 t - 2 scrolls of fog {unknown}
 w - a scroll of enchant weapon {unknown}
Potions
 d - 2 potions of might
 e - 3 potions of lignification {unknown}
 g - a potion of cancellation {unknown}
 q - a potion of degeneration {unknown}
 r - a potion of flight {unknown}
 u - a potion of resistance {unknown}
 x - a potion of heal wounds {unknown}
 z - a potion of haste {unknown}
Comestibles
 f - 11 rations
 v - 10 chunks of flesh {@w0}


   Skills:
 * Level 5.4 Fighting
 - Level 2.4 Short Blades
 - Level 3.2 Armour
 - Level 3.2 Shields


You had 4 spell levels left.
You didn't know any spells.
Your spell library was empty.

Dungeon Overview and Level Annotations

Branches:
Dungeon (5/15)
 Temple: D:4-7

Altars:
Trog

Annotations:
D:4 Menkaure
D:5 Prince Ribbit


Innate Abilities, Weirdness & Mutations

You are small and have problems with some larger weapons.
You are somewhat resistant to further mutation.


Message History

a +1 hand axe of flaming; an orc skeleton x2
Eating one of 7 chunks of flesh {@w0}.
You eat one of the 7 chunks of flesh {@w0}.
You are feeling hungry.
Eating one of 6 chunks of flesh {@w0}.
You eat one of the 6 chunks of flesh {@w0}.
The orc shouts!
The orc is too close now for your liking.
Health restored: 39 An orc is nearby!
Things that are here:
a +1 hand axe of flaming; an orc skeleton x2
You block the orc's attack.
Things that are here:
a +1 hand axe of flaming; an orc skeleton x2
You closely miss the orc. The orc closely misses you.
You hit the orc. The orc completely misses you.
You hit the orc. The orc hits you but does no damage.
The orc hits you with a +0 dagger.
You take 1 damage, and have 38/39 hp.
You hit the orc. You block the orc's attack.
You closely miss the orc. The orc hits you but does no damage.
You closely miss the orc. The orc hits you but does no damage.
Health restored: 39 You puncture the orc!
You kill the orc!
Things that are here:
a +0 dagger; an orc corpse You butcher the orc corpse.
v - 9 chunks of flesh {@w0} (gained 4)
Things that are here:
a +0 dagger; an orc skeleton
Things that are here:
a +0 dagger; an orc skeleton A giant cockroach comes into view.
A giant cockroach is nearby!
A giant cockroach is nearby!
The giant cockroach barely misses you.
You hit the giant cockroach. You block the giant cockroach's attack.
You barely miss the giant cockroach. You block the giant cockroach's attack.
The giant cockroach bites you but does no damage.
You barely miss the giant cockroach.
The giant cockroach bites you but does no damage.
You closely miss the giant cockroach. You block the giant cockroach's attack.
You hit the giant cockroach.
You kill the giant cockroach!
No target in view!
No target in view!
You butcher the giant cockroach corpse.
v - 10 chunks of flesh {@w0} (gained 1)
A dart slug comes into view.
You see here a red potion.
A dart slug is nearby!
A dart slug is nearby!
The dart slug launches a dart at you. The slug dart misses you.
The dart slug launches a dart at you. The slug dart misses you.
The dart slug barely misses you.
You puncture the dart slug!
The dart slug bites you but does no damage.
You hit the dart slug. You puncture the dart slug!
You kill the dart slug!
No target in view!
z - a red potion
Found a stone staircase leading up.
Found an escape hatch in the ceiling.
Found a stone staircase leading down.
y - an embroidered cloak Menkaure, Prince of Dust comes into view.
Menkaure shouts!
You aren't carrying any items that you can evoke.
There is a stone staircase leading down here.
You climb downwards.
Found a stone staircase leading down.
There is a stone staircase leading up here.
Prince Ribbit comes into view.
There is a stone staircase leading up here.
You block Prince Ribbit's attack. Prince Ribbit hits you.
You take 2 damage, and have 37/39 hp.
You hit Prince Ribbit. Prince Ribbit hits you! Prince Ribbit hits you.
You take 12 damage, and have 25/39 hp.
MASSIVE DAMAGE!!
You closely miss Prince Ribbit. Prince Ribbit hits you!
* * * LOW HITPOINT WARNING * * *
You block Prince Ribbit's attack.
You take 14 damage, and have 11/39 hp.
MASSIVE DAMAGE!!
You hit Prince Ribbit.
Prince Ribbit hops awkwardly around.
Prince Ribbit hits you!
* * * LOW HITPOINT WARNING * * *
You take 8 damage, and have 3/39 hp.
MASSIVE DAMAGE!!
An adder comes into view.
The adder hisses angrily.
Prince Ribbit hits you.
You die...

.. .# .. #[#
## #..# #.
..# #.##.##
#.<@..##
#.F....#
#...#...#
#...##.....
#..........
...........
...>.......S
.............
##...........


You could see Prince Ribbit and an adder.

Vanquished Creatures
  An orc wizard (D:3)
  A hound skeleton (D:4)
  3 adders
  2 dart slugs
  A leopard gecko (D:2)
  10 orcs
  10 bats
  7 giant cockroaches
  7 goblins
  7 hobgoblins
  4 jackals
  4 quokkas (D:2)
  4 frilled lizards
  7 kobolds
  9 rats
77 creatures vanquished.

Notes
Turn   | Place    | Note
-------+----------+-------------------------------------------
     0 | D:1      | hehateme the Halfling Fighter began the quest for the Orb.
     0 | D:1      | Reached XP level 1. HP: 15/15 MP: 1/1
    75 | D:1      | Reached skill level 3 in Fighting
   173 | D:1      | Reached XP level 2. HP: 21/21 MP: 2/2
   220 | D:1      | HP: 4/21 [goblin (2)]
   524 | D:1      | Reached XP level 3. HP: 26/26 MP: 3/3
   958 | D:1      | Reached skill level 4 in Fighting
  1057 | D:1      | Reached XP level 4. HP: 26/33 MP: 4/4
  1637 | D:2      | Found a bloodstained altar of Trog.
  2200 | D:3      | Reached XP level 5. HP: 33/38 MP: 5/5
  2301 | D:3      | Reached skill level 5 in Fighting
  3373 | D:4      | Noticed Menkaure
  3409 | D:5      | Entered Level 5 of the Dungeon
  3411 | D:5      | Noticed Prince Ribbit
  3420 | D:5      | HP: 3/39 [Prince Ribbit (8)]
  3421 | D:5      | Slain by Prince Ribbit

Illustrated notes

Levels and vault maps discovered:
D:1:      beargit_arrival_greenhouse, layout_loops_ring, minmay_pentomino_w4
D:2:      layout_loops_ring, trog_butcher_becter
D:3:      layout_basic, first_ration
D:4:      layout_basic, overflow_temple_1_default, uniq_menkaure
D:5:      layout_layer_cave, uniq_duvessa, uniq_prince_ribbit1

Skill      XL: |  1  2  3  4  5 |
---------------+----------------+-----
Fighting       | 3 4 5 |  5.4
Short Blades   | |  2.4
Armour         | |  3.2
Shields        | |  3.2

Action                   |  1- 3 |  4- 6 || total
-------------------------+-------+-------++-------
Melee: Rapier            |   130 |   143 ||   273
       Short sword       |       |    31 ||    31
  Eat: Chunk             |     1 |     7 ||     8
Armor: Scale mail        |    73 |    68 ||   141
Dodge: Dodged            |    53 |    57 ||   110
Block: Kite shield       |    76 |    86 ||   162

Levels and vault maps discovered:
D:1:      beargit_arrival_greenhouse, layout_loops_ring, minmay_pentomino_w4
D:2:      layout_loops_ring, trog_butcher_becter
D:3:      layout_basic, first_ration
D:4:      layout_basic, overflow_temple_1_default, uniq_menkaure
D:5:      layout_layer_cave, uniq_duvessa, uniq_prince_ribbit1

Table legend:
 A = Turns spent in this place as a percentage of turns spent in the entire game.
 B = Non-inter-level travel turns spent in this place as a percentage of non-inter-level travel turns spent in the entire game.
 C = Inter-level travel turns spent in this place as a percentage of turns spent in this place.
 D = Turns resting spent in this place as a percentage of non-inter-level travel turns spent in this place.
 E = Turns spent auto-exploring this place as a percentage of non-inter-level travel turns spent in this place.
 F = Non-inter-level travel turns spent in this place divided by the number of levels of this place that you've seen.
                   A       B       C       D       E      F
               +-------+-------+-------+-------+-------+----------------------
         Total | 100.0 | 100.0 |   3.1 |   0.2 |  79.1 | 663.0
       Dungeon | 100.0 | 100.0 |   3.1 |   0.2 |  79.1 | 663.0
               +-------+-------+-------+-------+-------+----------------------

Table legend:
 A = Kills in this place as a percentage of kills in entire the game.
 B = Kills by you in this place as a percentage of kills by you in the entire game.
 C = Kills by friends in this place as a percentage of kills by friends in the entire game.
 D = Other kills in this place as a percentage of other kills in the entire game.
 E = Experience gained in this place as a percentage of experience gained in the entire game.
 F = Experience gained in this place divided by the number of levels of this place that you have seen.
                   A       B       C       D       E      F
               +-------+-------+-------+-------+-------+----------------------
         Total | 100.0 | 100.0 |   N/A |   N/A | 100.0 |  46.8
       Dungeon | 100.0 | 100.0 |   N/A |   N/A | 100.0 |  46.8
               +-------+-------+-------+-------+-------+----------------------
